[Event "Team 45 45 League T98"]
[Site "Internet Chess Club"]
[Date "2023.12.19"]
[Round "5"]
[White "kabindra"]
[Black "Gilguli"]
[Result "1-0"]
[WhiteElo "1714"]
[BlackElo "1421"]
[Opening "Bishop's opening"]
[ECO "C23"]
[Time "16:03:04"]
[PlyCount "33"]
[TimeControl "2700+45"]

1. e4 e5 2. Bc4 g6 3. d4 Nc6 4. Nf3 Bg7 5. Ng5 Nh6 6. d5 Nb8 7. d6 cxd6 8. Qxd6
Nc6 9. Nc3 Bf8 10. Qd5 Qe7 11. a3 Nd4 12. Bd3 d6 13. O-O f6 14. Bb5+ Bd7 15.
Qxb7 Rc8 16. Nd5 Qg7 17. Qxc8# {Black checkmated} 1-0

[Event "Team 45 45 League T98"]
[Site "Internet Chess Club"]
[Date "2023.12.16"]
[Round "5"]
[White "rjhoro"]
[Black "mongmong"]
[Result "1-0"]
[WhiteElo "1227"]
[BlackElo "1486"]
[Opening "French: advance, Paulsen attack"]
[ECO "C02"]
[Time "18:00:45"]
[PlyCount "63"]
[TimeControl "2700+45"]

1. d4 e6 2. e4 d5 3. e5 c5 4. c3 Nc6 5. Nf3 Qb6 6. Na3 cxd4 7. cxd4 f6 8. Nc2
fxe5 9. dxe5 Bd7 10. b3 O-O-O 11. Be2 h6 12. O-O Nge7 13. Be3 Qc7 14. Rc1 Kb8
15. Bf4 Rc8 16. Ncd4 a6 17. b4 Qd8 18. a3 Nxd4 19. Rxc8+ Nxc8 20. Nxd4 Na7 21.
Bg4 Qe7 22. Bg3 g6 23. f4 Bg7 24. Qd3 Qe8 25. Qc3 Nb5 26. Nxb5 Bxb5 27. Rc1 Bc6
28. Qd4 Qd7 29. Bf2 Qc7 30. Qa7+ Kc8 31. Bxe6+ Kd8 32. Bb6 {Black resigns} 1-0

[Event "Team 45 45 League T98"]
[Site "Internet Chess Club"]
[Date "2023.12.14"]
[Round "5"]
[White "elmaestro"]
[Black "Portola"]
[Result "1-0"]
[WhiteElo "1660"]
[BlackElo "1666"]
[Opening "English opening"]
[ECO "A13"]
[Time "17:14:22"]
[PlyCount "71"]
[TimeControl "2700+45"]

1. c4 e6 2. g3 d5 3. Bg2 Nf6 4. Nf3 c6 5. O-O Nbd7 6. Nc3 Be7 7. b3 O-O 8. Bb2
e5 9. d4 e4 10. Nd2 Re8 11. e3 Nf8 12. f3 exf3 13. Nxf3 Ng4 14. Qd3 Bf6 15. e4
dxe4 16. Nxe4 Bf5 17. Nxf6+ Qxf6 18. Qd2 Qh6 19. Qxh6 Nxh6 20. Rad1 Re2 21. Rd2
Rae8 22. Rf2 R2e3 23. h3 Ng6 24. Kh2 a5 25. d5 Bd7 26. Bd4 R3e4 27. d6 Nf5 28.
Bb6 a4 29. Nd4 Nxd6 30. Bc7 c5 31. Bxe4 Nxe4 32. Nb5 Nxd2 33. Rxd2 Bc6 34. bxa4
Re1 35. Rd8+ Nf8 36. g4 {Black forfeits on time} 1-0

[Event "Team 45 45 League T98"]
[Site "Internet Chess Club"]
[Date "2023.12.16"]
[Round "5"]
[White "justice02"]
[Black "DimEyeChessGuy"]
[Result "0-1"]
[WhiteElo "1575"]
[BlackElo "1585"]
[Opening "Caro-Kann: Tartakower (Nimzovich) variation"]
[ECO "B15"]
[Time "17:00:30"]
[PlyCount "52"]
[TimeControl "2700+45"]

1. e4 c6 2. d4 d5 3. Nd2 dxe4 4. Nxe4 Nf6 5. Nxf6+ exf6 6. c3 Bd6 7. Bd3 O-O 8.
Ne2 Re8 9. O-O Nd7 10. Bf4 Nf8 11. Qd2 Ng6 12. Bg3 Qc7 13. Rae1 Be6 14. b4 Rad8
15. f4 f5 16. Qc2 Qd7 17. Rb1 h5 18. c4 h4 19. Be1 b6 20. a4 Bb8 21. Kh1 b5 22.
axb5 cxb5 23. d5 bxc4 24. dxe6 Qxd3 25. Qa2 Rxe6 26. Nc3 Qxf1# {White
checkmated} 0-1

[Event "Team 45 45 League T98"]
[Site "Internet Chess Club"]
[Date "2023.12.14"]
[Round "5"]
[White "burlap"]
[Black "herrahuu"]
[Result "1-0"]
[WhiteElo "1459"]
[BlackElo "1453"]
[Opening "Queen's pawn: London system"]
[ECO "A45"]
[Time "09:00:15"]
[PlyCount "63"]
[TimeControl "2700+45"]

1. d4 Nf6 2. Bf4 g6 3. e3 Bg7 4. Nd2 O-O 5. Ngf3 d6 6. Bd3 Nh5 7. Bg5 h6 8. Bh4
Nd7 9. O-O Ndf6 10. Bxf6 Nxf6 11. c3 Re8 12. Re1 e5 13. Qc2 e4 14. Nxe4 Nxe4 15.
Bxe4 d5 16. Bd3 f5 17. Re2 c6 18. Rae1 Bd7 19. Kf1 Re6 20. Ne5 Bxe5 21. dxe5
Rxe5 22. c4 Kg7 23. cxd5 cxd5 24. Qc3 Qf6 25. Qc7 Re7 26. Qxb7 Bc6 27. Qb3 Qh4
28. Qc3+ Kh7 29. Qxc6 Qxh2 30. f3 Qh1+ 31. Kf2 Qh4+ 32. Kg1 {Black resigns} 1-0

[Event "Team 45 45 League T98"]
[Site "Internet Chess Club"]
[Date "2023.12.17"]
[Round "5"]
[White "g8wrb"]
[Black "oldprez1"]
[Result "1-0"]
[WhiteElo "1279"]
[BlackElo "1216"]
[Opening "Pirc: classical (two knights) system"]
[ECO "B08"]
[Time "13:00:20"]
[PlyCount "81"]
[TimeControl "2700+45"]

1. e4 d6 2. d4 Nf6 3. Nc3 g6 4. Nf3 Bg7 5. Bf4 O-O 6. Be2 Nbd7 7. Qd2 Nh5 8. Bh6
Re8 9. Bxg7 Kxg7 10. g4 Nhf6 11. g5 Nh5 12. Nh4 e5 13. Bxh5 gxh5 14. d5 Nc5 15.
O-O-O Bg4 16. Rdg1 f6 17. f3 fxg5 18. fxg4 gxh4 19. gxh5+ Kh8 20. Qh6 Rg8 21.
Rg6 Rxg6 22. hxg6 Qe7 23. Rf1 Qg7 24. Qxh7+ Qxh7 25. gxh7 Kxh7 26. Rf7+ Kg6 27.
Rxc7 Rd8 28. b4 Nd7 29. Rxb7 a6 30. Kd2 Kg5 31. Ke3 Kg4 32. Kf2 Rf8+ 33. Kg2 h3+
34. Kg1 Nf6 35. Rg7+ Kf4 36. Rg3 Nxe4 37. Ne2+ Kf5 38. Rf3+ Kg5 39. Rxf8 Nf6 40.
Nc3 Kf4 41. Rxf6+ {Black resigns} 1-0

[Event "Team 45 45 League T98"]
[Site "Internet Chess Club"]
[Date "2023.12.14"]
[Round "5"]
[White "ARMAND02019"]
[Black "fhunfi"]
[Result "1-0"]
[WhiteElo "1583"]
[BlackElo "1714"]
[Opening "English opening"]
[ECO "A10"]
[Time "19:40:55"]
[PlyCount "77"]
[TimeControl "2700+45"]

1. c4 a6 2. d4 e6 3. Nf3 d5 4. cxd5 exd5 5. Nc3 Nf6 6. Bg5 Be6 7. e4 dxe4 8.
Nxe4 Bb4+ 9. Nc3 O-O 10. Be2 Nc6 11. O-O Ne7 12. Bxf6 gxf6 13. Ne4 Ng6 14. a3
Be7 15. Rc1 Nf4 16. Bc4 Bxc4 17. Rxc4 c6 18. Qd2 Ng6 19. Rd1 Qd5 20. Qc2 Kg7 21.
Ng3 Rfe8 22. Nf5+ Kh8 23. Ne3 Qh5 24. d5 Ne5 25. Nxe5 fxe5 26. dxc6 bxc6 27.
Rxc6 Bg5 28. Re1 Bxe3 29. Rxe3 Rad8 30. Re1 Rg8 31. g3 Rg6 32. Rc5 Rh6 33. f4
Rd3 34. Qxd3 Qxh2+ 35. Kf1 Qxb2 36. Qe2 Rh1+ 37. Kg2 Qb7+ 38. Qe4 Qb2+ 39. Kxh1
{Black resigns} 1-0

[Event "Team 45 45 League T98"]
[Site "Internet Chess Club"]
[Date "2023.12.17"]
[Round "5"]
[White "evan7284"]
[Black "Kingofknights"]
[Result "1/2-1/2"]
[WhiteElo "1601"]
[BlackElo "1516"]
[Opening "Queen's pawn game"]
[ECO "D00"]
[Time "14:30:27"]
[PlyCount "47"]
[TimeControl "2700+45"]

1. d4 Nf6 2. Nc3 d5 3. Bf4 a6 4. e3 Bf5 5. f3 e6 6. g4 Bg6 7. h4 h5 8. g5 Nfd7
9. Bd3 Bxd3 10. Qxd3 c5 11. Nge2 Nc6 12. O-O c4 13. Qd2 b5 14. a3 Nb6 15. e4 Bd6
16. Bxd6 Qxd6 17. e5 Qc7 18. Nf4 g6 19. Nce2 Nc8 20. a4 b4 21. c3 Qb6 22. Kh2
N8e7 23. Ng3 Kd7 24. Nfe2 {Game drawn by mutual agreement} 1/2-1/2

[Event "Team 45 45 League T98"]
[Site "Internet Chess Club"]
[Date "2023.12.15"]
[Round "5"]
[White "Signofthetimes"]
[Black "BrerRabbit"]
[Result "1-0"]
[WhiteElo "1581"]
[BlackElo "1320"]
[Opening "Caro-Kann defense"]
[ECO "B10"]
[Time "19:31:07"]
[PlyCount "115"]
[TimeControl "2700+45"]

1. e4 c6 2. Nf3 d5 3. exd5 cxd5 4. d4 Nc6 5. Bb5 Bf5 6. Ne5 Qc7 7. Qf3 Be6 8.
O-O a6 9. Bxc6+ bxc6 10. c3 Nf6 11. Bf4 Qb6 12. b3 g6 13. Nd2 Bg7 14. Qe3 O-O
15. Nd3 Nd7 16. Nf3 Qa7 17. Nfe5 Nxe5 18. Nxe5 Qb7 19. Nd3 Rfe8 20. Nc5 Qc8 21.
Nxe6 Qxe6 22. Qxe6 fxe6 23. Rfe1 Rf8 24. Bg3 e5 25. Bxe5 Bxe5 26. Rxe5 Kf7 27.
Rae1 Rfe8 28. Re6 Rac8 29. f4 a5 30. g4 c5 31. Ra6 cxd4 32. cxd4 Rc2 33. Rxa5 e6
34. g5 Rd2 35. Ra4 Rc8 36. Ra7+ Kf8 37. Rxh7 Rcc2 38. a4 Rg2+ 39. Kh1 Kg8 40.
Rh6 Kg7 41. Rxe6 Rgd2 42. Re7+ Kf8 43. Re1 Kg7 44. Ra1 Rxd4 45. Rh4 Rdd2 46. a5
Ra2 47. Rxa2 Rxa2 48. b4 Rb2 49. f5 gxf5 50. Rd4 Kg6 51. h4 Kh5 52. a6 Re2 53.
b5 Re4 54. Rxe4 fxe4 55. a7 Kg4 56. a8=Q Kf3 57. Qxd5 Ke3 58. g6 {Black resigns}
1-0

[Event "Team 45 45 League T98"]
[Site "Internet Chess Club"]
[Date "2023.12.15"]
[Round "5"]
[White "BIRDSMAN"]
[Black "tightfist"]
[Result "1/2-1/2"]
[WhiteElo "1396"]
[BlackElo "1443"]
[Opening "Colle system"]
[ECO "D05"]
[Time "19:30:49"]
[PlyCount "98"]
[TimeControl "2700+45"]

1. d4 e6 2. Nf3 d5 3. e3 Nf6 4. Bd3 c5 5. c3 Qb6 6. Nbd2 Nc6 7. O-O Bd6 8. Qe2
O-O 9. e4 dxe4 10. Nxe4 Nxe4 11. Qxe4 f5 12. Qe3 cxd4 13. cxd4 Bd7 14. a3 Rae8
15. Re1 Ne7 16. Ne5 Bxe5 17. Qxe5 Ng6 18. Qe2 Qxd4 19. Be3 Qa4 20. b3 Qa5 21. b4
Qc7 22. Rac1 Qb8 23. Rc2 Nf4 24. Bxf4 Qxf4 25. Rec1 Bc6 26. b5 Bd5 27. Rc7 Bc6
28. R7xc6 bxc6 29. Rxc6 e5 30. Qb2 Qd4 31. Qb3+ Kh8 32. h3 e4 33. Bc4 e3 34. Qc2
exf2+ 35. Qxf2 Re1+ 36. Bf1 Qxf2+ 37. Kxf2 Ra1 38. Ra6 Ra2+ 39. Kf3 g6 40. Rxa7
Rc8 41. b6 Rc3+ 42. Kf4 Rf2+ 43. Ke5 Rxf1 44. b7 Re1+ 45. Kf6 Rc6+ 46. Kf7 Rc7+
47. Kf6 Rc6+ 48. Kf7 Rc7+ 49. Kf6 Rc6+ {Game drawn by repetition} 1/2-1/2

[Event "Team 45 45 League T98"]
[Site "Internet Chess Club"]
[Date "2023.12.14"]
[Round "5"]
[White "burlap"]
[Black "mongmong"]
[Result "1/2-1/2"]
[WhiteElo "1461"]
[BlackElo "1496"]
[Opening "Queen's pawn"]
[ECO "A40"]
[Time "20:01:14"]
[PlyCount "164"]
[TimeControl "2700+45"]

1. d4 e6 2. Bf4 d5 3. e3 Nf6 4. Nd2 Bd6 5. Bxd6 cxd6 6. Ngf3 O-O 7. Bd3 a6 8. c3
b5 9. O-O Bb7 10. Re1 Nbd7 11. e4 dxe4 12. Nxe4 Nxe4 13. Bxe4 Bxe4 14. Rxe4 Nf6
15. Re2 Qb6 16. Qc2 Rac8 17. Rae1 Rc7 18. a3 Rfc8 19. Qd3 a5 20. Rc1 Nd5 21. Ng5
Nf6 22. Ne4 Nxe4 23. Rxe4 Qb7 24. Rh4 h6 25. Kf1 Qd5 26. Rg4 b4 27. axb4 axb4
28. Rg3 bxc3 29. bxc3 Rc4 30. Qd2 Kh8 31. Qe2 Qxd4 32. cxd4 Rxc1+ 33. Qe1 Rxe1+
34. Kxe1 d5 35. Rf3 Kg8 36. Kd2 Rc4 37. Kd3 Ra4 38. Rf4 e5 39. Rh4 e4+ 40. Ke3
f6 41. Rh5 Ra5 42. f3 exf3 43. Kxf3 Kf7 44. Ke3 Ke6 45. g4 Ra1 46. h3 Re1+ 47.
Kd2 Re4 48. Kd3 Rf4 49. Ke3 Rf1 50. Kd3 f5 51. Ke3 fxg4 52. hxg4 Re1+ 53. Kf3
Re4 54. g5 hxg5 55. Rxg5 Rxd4 56. Rxg7 Re4 57. Rg6+ Ke5 58. Rg5+ Kd4 59. Rg1 Re8
60. Rd1+ Kc5 61. Rc1+ Kd6 62. Kf2 d4 63. Re1 Rf8+ 64. Ke2 Kd5 65. Kd2 Rf2+ 66.
Re2 Rf6 67. Re8 Rf2+ 68. Re2 Rxe2+ 69. Kxe2 Ke4 70. Kd2 d3 71. Kd1 Ke3 72. Ke1
Kd4 73. Kd1 Kc4 74. Kd2 Kd4 75. Kd1 Ke3 76. Ke1 Kf3 77. Kd2 Ke4 78. Kd1 Kd5 79.
Kd2 Kc4 80. Kd1 Kc3 81. Kc1 d2+ 82. Kd1 Kd3 {White stalemated} 1/2-1/2

[Event "Team 45 45 League T98"]
[Site "Internet Chess Club"]
[Date "2023.12.16"]
[Round "5"]
[White "tightfist"]
[Black "ChessG2011"]
[Result "1-0"]
[WhiteElo "1456"]
[BlackElo "1358"]
[Opening "Nimzovich-Larsen attack: Indian variation"]
[ECO "A01"]
[Time "17:02:08"]
[PlyCount "77"]
[TimeControl "2700+45"]

1. b3 Nf6 2. Bb2 g6 3. e4 d6 4. Nf3 e5 5. Nc3 Nc6 6. h3 Bg7 7. Bb5 Bd7 8. O-O a6
9. Be2 O-O 10. Re1 Qc8 11. Kh2 Bh6 12. d4 Bf4+ 13. g3 exd4 14. Nxd4 Nxd4 15.
Qxd4 Be5 16. Qe3 Bxh3 17. f4 Bxc3 18. Qxc3 Qe6 19. Qxf6 Qxf6 20. Bxf6 Rfe8 21.
Kxh3 Rxe4 22. Bf3 Rb4 23. Re7 c6 24. Rae1 Rf8 25. Re8 h5 26. Rxf8+ Kxf8 27. Be7+
Kg8 28. Bxd6 Rd4 29. Re8+ Kh7 30. Rh8+ Kxh8 31. Be5+ Kg8 32. Bxd4 Kf8 33. Kh4
Ke7 34. Kg5 Ke6 35. b4 Ke7 36. c4 Ke6 37. a4 Ke7 38. f5 gxf5 39. Kxh5 {Black
resigns} 1-0

[Event "Team 45 45 League T98"]
[Site "Internet Chess Club"]
[Date "2023.12.18"]
[Round "5"]
[White "defythemachine"]
[Black "kabubi"]
[Result "1-0"]
[WhiteElo "1339"]
[BlackElo "1140"]
[Opening "Richter-Veresov attack"]
[ECO "D01"]
[Time "19:08:36"]
[PlyCount "21"]
[TimeControl "2700+45"]

1. d4 Nf6 2. Nc3 d5 3. Bg5 h6 4. Bf4 Nbd7 5. Nb5 e6 6. Nxc7+ Ke7 7. Nxa8 e5 8.
dxe5 Nh5 9. Qxd5 Nxf4 10. Qd6+ Ke8 11. Nc7+ {Black resigns} 1-0

[Event "Team 45 45 League T98"]
[Site "Internet Chess Club"]
[Date "2023.12.15"]
[Round "5"]
[White "WzeroMN"]
[Black "Tjet"]
[Result "0-1"]
[WhiteElo "939"]
[BlackElo "1275"]
[Opening "Pirc: classical, h3 system"]
[ECO "B07"]
[Time "15:00:42"]
[PlyCount "88"]
[TimeControl "2700+45"]

1. e4 d6 2. Nf3 Nf6 3. Nc3 g6 4. h3 Bg7 5. d4 O-O 6. Be2 c6 7. O-O Nbd7 8. b4 e5
9. Bg5 Qb6 10. Rb1 exd4 11. Qxd4 Qxd4 12. Nxd4 Nb6 13. Rfd1 Re8 14. Bf3 Nfd7 15.
Rd2 Nc4 16. Rd3 Nde5 17. Rdd1 Nxf3+ 18. gxf3 Bxh3 19. Kh2 Be6 20. Nxe6 Rxe6 21.
Rd3 Bxc3 22. Rxc3 Nb6 23. Be3 d5 24. Bxb6 axb6 25. exd5 cxd5 26. Ra1 d4 27. Rd3
Re2 28. Kg2 Rxc2 29. Rxd4 Raxa2 30. Rxa2 Rxa2 31. Rd8+ Kg7 32. Rd7 Rb2 33. Rxb7
Rxb4 34. Kg3 h5 35. f4 Rb3+ 36. f3 Rb5 37. Rb8 Rb3 38. Rb7 b5 39. Rb6 b4 40. Rb5
Rb1 41. Kg2 b3 42. Kg3 b2 43. Kg2 h4 44. Kh3 Rh1+ {White resigns} 0-1

[Event "Team 45 45 League T98"]
[Site "Internet Chess Club"]
[Date "2023.12.18"]
[Round "5"]
[White "jjmolina1"]
[Black "Electryon"]
[Result "0-1"]
[WhiteElo "1420"]
[BlackElo "1621"]
[Opening "Giuoco Pianissimo: Italian four knights variation"]
[ECO "C55"]
[Time "09:01:34"]
[PlyCount "70"]
[TimeControl "2700+45"]

1. e4 e5 2. Nf3 Nc6 3. Bc4 Nf6 4. d3 Bc5 5. Nc3 O-O 6. Be3 Nd4 7. Nxe5 d6 8. Nf3
Bg4 9. h3 Be6 10. Bxd4 Bb4 11. Bb3 c6 12. O-O d5 13. exd5 Nxd5 14. Nxd5 Bxd5 15.
Bxd5 Qxd5 16. c3 Bd6 17. Be3 Rfe8 18. d4 Rad8 19. Qc2 Re6 20. c4 Qh5 21. Qd1 Rg6
22. Ng5 Rxg5 23. Qxh5 Rxh5 24. c5 Bc7 25. b4 f5 26. f4 Re8 27. Rf3 Re4 28. Kf2
Bd8 29. g4 fxg4 30. hxg4 Rh2+ 31. Kg1 Re2 32. Bf2 Bf6 33. a3 Rxf2 34. Kxf2 Bxd4+
35. Kg3 Bxa1 {White resigns} 0-1

[Event "Team 45 45 League T98"]
[Site "Internet Chess Club"]
[Date "2023.12.17"]
[Round "5"]
[White "BrerRabbit"]
[Black "rjhoro"]
[Result "1/2-1/2"]
[WhiteElo "1316"]
[BlackElo "1231"]
[Opening "Queen's pawn game, Darooha variation "]
[ECO "D02"]
[Time "19:00:35"]
[PlyCount "103"]
[TimeControl "2700+45"]

1. d4 d5 2. Nf3 Nf6 3. g3 Bg4 4. Bg2 Nc6 5. Ne5 Be6 6. Nxc6 bxc6 7. b3 g6 8. Nc3
Bg7 9. Na4 Nd7 10. O-O c5 11. Bb2 O-O 12. Rb1 a5 13. dxc5 Bxb2 14. Rxb2 c6 15.
Qd4 Nf6 16. Nc3 Qd7 17. Rd1 Bh3 18. f3 Bxg2 19. Kxg2 Rfe8 20. Qe5 Rad8 21. e3 h5
22. h3 Kg7 23. Ne2 Rh8 24. c4 e6 25. Rd4 Qe7 26. cxd5 cxd5 27. Rc2 Kh7 28. c6
Rc8 29. Rf4 Nd7 30. Qd4 e5 31. Qa7 exf4 32. Nxf4 Ra8 33. Qxd7 Qxd7 34. cxd7 Rhd8
35. Nxd5 Kg7 36. Nb6 Ra7 37. Rc8 Raxd7 38. Nxd7 Rxd7 39. Rc3 Rd2+ 40. Kf1 Rxa2
41. Rc5 a4 42. b4 Ra1+ 43. Ke2 Rb1 44. b5 a3 45. b6 Rxb6 46. Ra5 Rb3 47. h4 Rb2+
48. Kd3 a2 49. Kc3 Rb1 50. Rxa2 Rf1 51. Kd3 Rxf3 52. Rg2 {Game drawn by mutual
agreement} 1/2-1/2

[Event "Team 45 45 League T98"]
[Site "Internet Chess Club"]
[Date "2023.12.17"]
[Round "5"]
[White "stantheman59"]
[Black "oldbookseller"]
[Result "0-1"]
[WhiteElo "1131"]
[BlackElo "893"]
[Opening "Giuoco Piano"]
[ECO "C53"]
[Time "15:02:06"]
[PlyCount "58"]
[TimeControl "2700+45"]

1. e4 e5 2. Nf3 Nc6 3. Bc4 Bc5 4. c3 Nge7 5. b4 Bb6 6. O-O O-O 7. Bb2 d6 8. Bb3
Ng6 9. d4 Nf4 10. dxe5 Nxe5 11. Nxe5 Qg5 12. g3 Nh3+ 13. Kg2 Qxe5 14. Qf3 c5 15.
Nd2 Bd8 16. Nc4 Qe6 17. Nb6 Nf4+ 18. Qxf4 Qh3+ 19. Kh1 Bxb6 20. a4 Bd7 21. b5
Bc7 22. Bd5 Rae8 23. c4 a6 24. bxa6 bxa6 25. Rfe1 Ba5 26. Re2 Be6 27. Qxd6 Bg4
28. f3 Bxf3+ 29. Rg2 Qxg2# {White checkmated} 0-1

[Event "Team 45 45 League T98"]
[Site "Internet Chess Club"]
[Date "2023.12.16"]
[Round "5"]
[White "Megasus"]
[Black "Chess4Him"]
[Result "0-1"]
[WhiteElo "1550"]
[BlackElo "1501"]
[Opening "Queen's pawn game"]
[ECO "D02"]
[Time "19:00:36"]
[PlyCount "90"]
[TimeControl "2700+45"]

1. Nf3 d5 2. d4 c6 3. c3 Bf5 4. e3 e6 5. Qb3 Qb6 6. Nbd2 Nd7 7. a3 Ngf6 8. Qa4
Qc7 9. b4 b5 10. Qb3 a5 11. a4 axb4 12. cxb4 Qd6 13. Ba3 Rxa4 14. Qc3 Nb6 15.
Qc5 Nc4 16. Nxc4 dxc4 17. Ne5 Be4 18. f3 Qxc5 19. dxc5 Bd5 20. e4 Nxe4 21. fxe4
Bxe4 22. Kf2 f6 23. Nf3 e5 24. Be2 Kd7 25. Rhd1+ Bd5 26. Nh4 g6 27. Bf3 Ke6 28.
Rdb1 e4 29. Bg4+ f5 30. Bd1 Bg7 31. Bxa4 Bxa1 32. Rxa1 bxa4 33. g3 g5 34. Ng2
Rb8 35. Ne3 f4 36. Nc2 e3+ 37. Ke2 Be4 38. Nd4+ Kd5 39. Nf3 g4 40. Ng5 Bd3+ 41.
Ke1 f3 42. Ra2 h6 43. Bc1 f2+ 44. Rxf2 exf2+ 45. Kxf2 Rf8+ {White resigns} 0-1

[Event "Team 45 45 League T98"]
[Site "Internet Chess Club"]
[Date "2023.12.19"]
[Round "5"]
[White "PsyMar"]
[Black "Maybeiwill"]
[Result "1-0"]
[WhiteElo "1322"]
[BlackElo "1284"]
[Opening "Sicilian: Alapin's variation (2.c3)"]
[ECO "B22"]
[Time "10:20:10"]
[PlyCount "21"]
[TimeControl "2700+45"]

1. e4 c5 2. c3 Nf6 3. e5 Nd5 4. d4 cxd4 5. cxd4 d6 6. Bc4 Nb6 7. Bb3 dxe5 8.
dxe5 Qxd1+ 9. Bxd1 Nc6 10. f4 Bg4 11. Bxg4 {Black resigns} 1-0

[Event "Team 45 45 League T98"]
[Site "Internet Chess Club"]
[Date "2023.12.15"]
[Round "5"]
[White "ticktockman"]
[Black "Dwilkes"]
[Result "0-1"]
[WhiteElo "987"]
[BlackElo "1069"]
[Opening "Queen's pawn game"]
[ECO "D05"]
[Time "20:03:53"]
[PlyCount "46"]
[TimeControl "2700+45"]

1. Nf3 Nf6 2. d4 d5 3. e3 e6 4. g3 c5 5. c3 Nc6 6. Bg2 Be7 7. O-O O-O 8. Nbd2 b6
9. a3 Bb7 10. a4 cxd4 11. Nxd4 Nxd4 12. cxd4 a5 13. Nf3 Ba6 14. Re1 Ne4 15. Bd2
Nxd2 16. Qxd2 Bb4 17. Qc2 Bxe1 18. Rxe1 Qc8 19. Qb1 Qc4 20. b3 Qd3 21. Qb2 Rfc8
22. Bf1 Qc3 23. Bxa6 Qxb2 {White resigns} 0-1

[Event "Team 45 45 League T98"]
[Site "Internet Chess Club"]
[Date "2023.12.17"]
[Round "5"]
[White "clarinetref"]
[Black "Kingofknights"]
[Result "1-0"]
[WhiteElo "1507"]
[BlackElo "1499"]
[Opening "Caro-Kann defense"]
[ECO "B10"]
[Time "19:03:02"]
[PlyCount "51"]
[TimeControl "2700+45"]

1. e4 c6 2. Nf3 d5 3. exd5 cxd5 4. Ne5 a6 5. d4 Nf6 6. Bd3 g6 7. O-O Nbd7 8. f4
Bg7 9. Nd2 Nxe5 10. fxe5 Ng4 11. Qf3 O-O 12. h3 Nh6 13. Nb3 Bf5 14. Bxf5 Nxf5
15. g4 Nh4 16. Qg3 e6 17. Nc5 b6 18. Nb7 Qe7 19. Nd6 f5 20. g5 Qc7 21. c3 b5 22.
Qxh4 Ra7 23. Bf4 Qb6 24. Qf2 Rd8 25. Rae1 Rdd7 26. Nc8 {Black resigns} 1-0

[Event "Team 45 45 League T98"]
[Site "Internet Chess Club"]
[Date "2023.12.13"]
[Round "5"]
[White "Constrictor"]
[Black "herrahuu"]
[Result "0-1"]
[WhiteElo "1400"]
[BlackElo "1470"]
[Opening "King's Indian: Zinnowitz variation"]
[ECO "E90"]
[Time "11:01:11"]
[PlyCount "60"]
[TimeControl "2700+45"]

1. Nf3 Nf6 2. d4 g6 3. c4 Bg7 4. Nc3 O-O 5. e4 d6 6. Bg5 h6 7. Bh4 g5 8. Bg3 Nh5
9. Be2 e6 10. e5 Nxg3 11. hxg3 f5 12. exd6 cxd6 13. Qd3 e5 14. dxe5 dxe5 15.
Qxd8 Rxd8 16. Rd1 Rxd1+ 17. Nxd1 Nc6 18. a3 e4 19. Nd2 Nd4 20. Ne3 Nxe2 21. Kxe2
Bxb2 22. Rxh6 Kg7 23. Rd6 Bxa3 24. Rd8 Be7 25. Nxf5+ Kf6 26. Nxe7 Kxe7 27. Rg8
Bg4+ 28. f3 exf3+ 29. gxf3 Bxf3+ 30. Kxf3 Rxg8 {White resigns} 0-1

[Event "Team 45 45 League T98"]
[Site "Internet Chess Club"]
[Date "2023.12.15"]
[Round "5"]
[White "g8wrb"]
[Black "Toalla"]
[Result "1-0"]
[WhiteElo "1265"]
[BlackElo "1072"]
[Opening "Sicilian: Alapin's variation (2.c3)"]
[ECO "B22"]
[Time "13:42:45"]
[PlyCount "29"]
[TimeControl "2700+45"]

1. e4 c5 2. c3 Nc6 3. d4 cxd4 4. cxd4 e6 5. Nf3 Bb4+ 6. Nc3 h6 7. Bd3 Nf6 8. O-O
d6 9. Bf4 Nxd4 10. Nxd4 e5 11. Qa4+ Bd7 12. Qxb4 exf4 13. Qxd6 Qe7 14. Qxf4 g5
15. Qc7 {Black resigns} 1-0

[Event "Team 45 45 League T98"]
[Site "Internet Chess Club"]
[Date "2023.12.15"]
[Round "5"]
[White "rgadoury"]
[Black "thundercat1"]
[Result "1-0"]
[WhiteElo "1133"]
[BlackElo "979"]
[Opening "Alekhine's defense: Maróczy variation"]
[ECO "B02"]
[Time "20:00:59"]
[PlyCount "88"]
[TimeControl "2700+45"]

1. e4 Nf6 2. d3 g6 3. Nc3 c6 4. Nf3 d6 5. Be2 Bg7 6. O-O e5 7. d4 O-O 8. dxe5
dxe5 9. Qxd8 Rxd8 10. Bg5 Nbd7 11. Rad1 b5 12. Nxe5 a5 13. Nxc6 Re8 14. f3 b4
15. Nb5 Re6 16. Nc7 Rxc6 17. Nxa8 Rxc2 18. Bc1 Nh5 19. Rd2 Rc6 20. Bb5 Rc5 21.
Bxd7 Ba6 22. Rfd1 Bh6 23. Rd6 Be3+ 24. Bxe3 Be2 25. Bxc5 Bxd1 26. Rxd1 Nf4 27.
Kf2 g5 28. Bf5 Kg7 29. g3 Nh5 30. Be3 h6 31. Rd8 g4 32. fxg4 Nf6 33. Bd4 a4 34.
Bxf6+ Kxf6 35. Re8 a3 36. bxa3 b3 37. axb3 h5 38. gxh5 Kg7 39. Nb6 Kh6 40. a4
Kxh5 41. a5 Kh6 42. a6 f6 43. a7 Kg7 44. a8=Q Kh6 {Black resigns} 1-0

[Event "Team 45 45 League T98"]
[Site "Internet Chess Club"]
[Date "2023.12.16"]
[Round "5"]
[White "chesskix"]
[Black "BlueStorm"]
[Result "1-0"]
[WhiteElo "1372"]
[BlackElo "1581"]
[Opening "English opening"]
[ECO "A10"]
[Time "19:00:35"]
[PlyCount "71"]
[TimeControl "2700+45"]

1. c4 d6 2. Nc3 e5 3. g3 Be7 4. Bg2 c6 5. e3 Nf6 6. Nge2 O-O 7. O-O Bf5 8. d4
Na6 9. a3 Qd7 10. dxe5 dxe5 11. Qxd7 Nxd7 12. b4 Rab8 13. Bb2 Rfd8 14. Ne4 Be6
15. c5 Nc7 16. N4c3 f6 17. f4 Nd5 18. Nxd5 Bxd5 19. Bxd5+ cxd5 20. Rad1 exf4 21.
exf4 Nxc5 22. bxc5 Bxc5+ 23. Kg2 Rd7 24. Nd4 Re8 25. Rfe1 Re4 26. Ne6 Rxe1 27.
Rxe1 Re7 28. f5 h5 29. Rd1 Bb6 30. Rxd5 Kf7 31. Bc3 g6 32. Bb4 Rxe6 33. fxe6+
Kxe6 34. Rd6+ Kf5 35. Kf3 Bd4 36. Rxd4 {Black resigns} 1-0

[Event "Team 45 45 League T98"]
[Site "Internet Chess Club"]
[Date "2023.12.17"]
[Round "5"]
[White "CMAlge"]
[Black "sdcohle"]
[Result "1/2-1/2"]
[WhiteElo "1352"]
[BlackElo "1418"]
[Opening "Queen's pawn"]
[ECO "A40"]
[Time "13:00:35"]
[PlyCount "83"]
[TimeControl "2700+45"]

1. d4 e6 2. Bf4 d5 3. e3 Bd6 4. Nc3 Bxf4 5. exf4 Qd6 6. Qd2 Nf6 7. Bd3 Nc6 8. a3
O-O 9. Nf3 Nh5 10. g3 a6 11. Ne5 f5 12. Ne2 Nf6 13. f3 Ne7 14. h3 c5 15. c3 c4
16. Bc2 Bd7 17. g4 Be8 18. Ng3 Bg6 19. g5 Nh5 20. Nxh5 Bxh5 21. O-O-O Nc6 22.
Qg2 Nxe5 23. fxe5 Qc6 24. Rdg1 a5 25. Kd2 b5 26. Ke3 Qb7 27. h4 b4 28. a4 bxc3
29. bxc3 Qb2 30. Qd2 Qb7 31. Rb1 Qc7 32. Rb5 Rfb8 33. Rhb1 Rxb5 34. Rxb5 Rb8 35.
Bd1 Rxb5 36. axb5 Qb6 37. Qb2 Be8 38. Ba4 Kf7 39. f4 Kg6 40. Kf3 Qb7 41. Kg3 Kf7
42. Kh3 {Game drawn by mutual agreement} 1/2-1/2